 Dungeon Crawl Stone Soup version 0.24-a0-201-gf205589 (webtiles) character file.

Game seed: 1916886278909192832

233 Borgoz the Covered (level 5, -1/49 HPs)
             Began as a Deep Dwarf Fighter on Mar 24, 2019.
             Was a Follower of Ashenzari.
             Slain by a killer bee (2 damage)
             ... on level 3 of the Dungeon.
             The game lasted 00:05:39 (2071 turns).

Borgoz the Covered (Deep Dwarf Fighter)             Turns: 2071, Time: 00:05:40

Health: -1/49      AC:  5    Str: 17 (19) XL:     5   Next: 75%
Magic:  4/4        EV:  9    Int:  7 (10) God:    Ashenzari [*.....]
Gold:   199        SH:  9    Dex: 11 (12) Spells: 4/4 levels left

rFire    . . .     SeeInvis .   a - +0 rapier
rCold    . . .     Gourm    .   c - +0 shield
rNeg     . . .     Faith    .   m - +0 ring mail
rPois    .         Spirit   .   (no helmet)
rElec    .         Reflect  .   (no cloak)
rCorr    .         Harm     .   (no gloves)
MR       .....                  (no boots)
Stlth    +.........             (no amulet)
HPRegen  0.00/turn              (no ring)
MPRegen  0.09/turn              (no ring)

@: lethally poisoned (-1 -> -1), non-regenerating
A: damage resistance, heal wounds, sense surroundings 1, no regeneration
a: Heal Wounds, Curse Item, Scrying, Renounce Religion


You were on level 3 of the Dungeon.
You worshipped Ashenzari.
Ashenzari was aware of your devotion.
You were not hungry.

You visited 1 branch of the dungeon, and saw 3 of its levels.

You collected 199 gold pieces.

Inventory:

Hand Weapons
 a - a +0 rapier (weapon)
Missiles
 e - 9 poisoned needles
 g - 4 tomahawks (quivered)
Armour
 c - a +0 shield (worn)
 m - a +0 ring mail (worn)
Scrolls
 h - a scroll of remove curse
 i - 2 scrolls of magic mapping {unknown}
 k - a scroll of immolation {unknown}
 l - 2 scrolls of fear {unknown}
 r - a scroll of teleportation {unknown}
Potions
 d - a potion of might
 j - a potion of haste
 n - 2 potions of cancellation
 p - a potion of curing {unknown}
 q - a potion of resistance
 s - a potion of invisibility
Comestibles
 f - 6 rations


   Skills:
 + Level 3.1 Fighting
 * Level 2.9 Short Blades
 + Level 1.4 Throwing
 * Level 4.2 Armour
 * Level 2.5 Dodging
 + Level 2.2 Stealth
 + Level 3.8 Shields


You had 4 spell levels left.
You didn't know any spells.
Your spell library was empty.

Dungeon Overview and Level Annotations

Branches:
Dungeon (3/15)

Altars:
Ashenzari
Hepliaklqana


Innate Abilities, Weirdness & Mutations

You are resistant to damage.
You can heal yourself by infusing magical energy.
You passively map a small area around you.
You do not regenerate.


Message History

You miss the killer bee. You block the killer bee's attack. x2
You miss the killer bee. The killer bee barely misses you.
The killer bee stings you but does no damage.
You block the killer bee's attack.
The killer bee buzzes angrily.
You hit the killer bee but do no damage.
The killer bee barely misses you. x2
You miss the killer bee. The killer bee barely misses you. x2
You hit the killer bee.
The killer bee is lightly wounded.
The killer bee stings you!
* * * LOW HITPOINT WARNING * * *
You are poisoned.
The killer bee poisons you! The killer bee stings you!
* * * LOW HITPOINT WARNING * * *
It was a potion of degeneration.
There was something very wrong with that liquid.
You feel weakened.
You feel dopey.
You feel clumsy. You block the killer bee's attack. The killer bee stings you.
You die...

..
*#.......#.##.#.###..........
.#
,*#.........##>.......>.......
..,
#.......####.#####.....>....
.. #.......# #.# #####......
#.......# #.# #.....# ,
######### #.# #.....# , #.#
#.....# * #######.# #.....# ,
#.yyyy@.# ###.### ,
#.################..)## ,, ,
#.......#....###.. *
#.......#.##.# #.. , ,
*,#..###..#.##.###.. , * #..#
#............ ** *
#..###.....#......
#..........#...... *
*#........(......##


You could see 4 killer bees.

Vanquished Creatures
  A killer bee (D:3)
  An orc priest (D:3)
  A bullfrog skeleton (D:2)
  6 adders
  2 dart slugs (D:2)
  A leopard gecko (D:3)
  3 orcs (D:3)
  2 bats (D:1)
  A giant cockroach (D:1)
  7 goblins
  10 hobgoblins
  4 jackals (D:2)
  5 quokkas
  A ball python (D:1)
  4 frilled lizards
  A giant cockroach zombie (D:1)
  A jackal zombie (D:1)
  6 kobolds
  14 rats
71 creatures vanquished.

Notes
Turn   | Place    | Note
-------+----------+-------------------------------------------
     0 | D:1      | Borgoz the Deep Dwarf Fighter began the quest for the Orb.
     0 | D:1      | Reached XP level 1. HP: 20/20 MP: 1/1
   128 | D:1      | Reached XP level 2. HP: 25/27 MP: 2/2
   325 | D:1      | Reached skill level 1 in Stealth
   358 | D:1      | Reached skill level 1 in Dodging
   567 | D:1      | Reached XP level 3. HP: 28/33 MP: 3/3
   839 | D:2      | Reached XP level 4. HP: 3/40 MP: 4/4
   885 | D:2      | Found a shattered altar of Ashenzari.
   907 | D:2      | Became a worshipper of Ashenzari the Shackled
   963 | D:2      | Reached skill level 1 in Throwing
  1491 | D:3      | Reached skill level 4 in Armour
  1491 | D:3      | Reached XP level 5. HP: 23/49 MP: 4/4
  1829 | D:3      | Found a hazy altar of Hepliaklqana.
  1988 | D:3      | Reached * piety under Ashenzari
  2070 | D:3      | HP: 1/49 [killer bee (4)]
  2071 | D:3      | Slain by a killer bee

Levels and vault maps discovered:
D:1:      saegor_arrival_fortress, layout_rooms, serial_forest,
          infiniplex_forest_fountain, infiniplex_forest_clump_double,
          infiniplex_forest_clump_diagonal, infiniplex_forest_clump_small,
          infiniplex_forest_zigzag_2, infiniplex_forest_diagonal,
          infiniplex_forest_zigzag_2, infiniplex_forest_clump_tiny,
          infiniplex_forest_lined_room_2, infiniplex_forest_corner_2,
          minmay_rat_gold_closets
D:2:      layout_rooms, grunt_ministairs_14, evilmike_ruin_ashenzari
D:3:      layout_loops_cross, old_standard_altar, first_ration,
          kennysheep_cluttered_room, uniq_sigmund

Skill      XL: |  1  2  3  4  5 |
---------------+----------------+-----
Short Blades   | 2 |  2.9
Stealth        | 1 2 |  2.2
Dodging        | 1 2 |  2.5
Throwing       | 1 |  1.4
Fighting       | 3 |  3.1
Armour         | 4 |  4.2
Shields        | |  3.8

Action                   |  1- 3 |  4- 6 || total
-------------------------+-------+-------++-------
Melee: Rapier            |   104 |   186 ||   290
 Abil: Heal Wounds       |       |     1 ||     1
  Use: Potion            |     4 |     3 ||     7
       Scroll            |       |     3 ||     3
 Stab: Invisible         |     2 |       ||     2
  Eat: Chunk             |       |     4 ||     4
Armor: Scale mail        |    32 |       ||    32
       Ring mail         |    11 |    41 ||    52
Dodge: Dodged            |    41 |    58 ||    99
Block: Shield            |    46 |    88 ||   134

Table legend:
 A = Non-vault XP
 B = Vault XP
 C = Vault XP percentage of total XP
 D = Non-vault monster count
 E = Vault monster count
 F = Vault count percentage of total count
                 A         B        C        D         E       F
            +---------+---------+-------+---------+---------+-------
      Total |     322 |      12 |   3.6 |      60 |      11 |  15.5
            +---------+---------+-------+---------+---------+-------
        D:1 |      33 |       9 |  21.4 |      20 |       9 |  31.0
        D:2 |     137 |       3 |   2.1 |      20 |       2 |   9.1
        D:3 |     152 |       0 |   0.0 |      20 |       0 |   0.0
            +---------+---------+-------+---------+---------+-------
